 Dungeon Crawl Stone Soup version 0.27.1-2-g3b301248ec (webtiles) character file.

Game seed: 12096645870434944988

7317 Metae the Fighter (level 11, -1/102 HPs)
             Began as a Hill Orc Fighter on Sept 24, 2021.
             Was a High Priest of Okawaru.
             Slain by a death yak (17 damage)
             ... on level 8 of the Dungeon.
             The game lasted 00:25:16 (8745 turns).

Metae the Fighter (Hill Orc Fighter)                Turns: 8745, Time: 00:25:17

Health: -1/102     AC: 14    Str: 29    XL:     11   Next: 13%
Magic:  16/16      EV:  7    Int:  8    God:    Okawaru [*****.]
Gold:   367        SH: 12    Dex: 10    Spells: 10/10 levels left

rFire    . . .     SeeInvis +   o - +4 broad axe (vamp)
rCold    . . .     Faith    .   c - +0 kite shield
rNeg     . . .     Spirit   .   k - +0 chain mail
rPois    .         Reflect  .   (no helmet)
rElec    .         Harm     .   j - +0 cloak
rCorr    .         Rampage  .   E - +1 pair of gloves {archery}
Will     .....                  (no boots)
Stlth    ..........             (no amulet)
HPRegen  0.27/turn              e - +6 ring of strength
MPRegen  0.15/turn              v - ring "Cagil" {Fly SInv}

@: mighty, flying, studying Fighting
A: no striking features
a: Renounce Religion, Convert to Beogh, Heroism, Finesse


You were on level 8 of the Dungeon.
You worshipped Okawaru.
Okawaru was extremely pleased with you.
You visited 2 branches of the dungeon, and saw 9 of its levels.
You also visited: Sewer and Ossuary.

You collected 599 gold pieces.
You spent 232 gold pieces at shops.

Inventory:

Hand Weapons
 a - a +0 war axe
 o - a +4 vampiric broad axe (weapon)
 s - a +1 vorpal dire flail
Missiles
 F - 5 boomerangs (quivered)
 I - 4 throwing nets
Armour
 b - a +0 scale mail
 c - a +0 kite shield (worn)
 j - a +0 cloak (worn)
 k - a +0 chain mail (worn)
 E - a +1 pair of gloves of archery (worn)
Jewellery
 e - a +6 ring of strength (left hand)
 h - a ring of see invisible
 i - the ring of the Slicing Pariah {rN+ rCorr Str+2 Slay-4}
   (You acquired it on level 7 of the Dungeon)

   [ring of resist corrosion]

   Str:       It affects your strength (+2).
   Slay:      It affects your accuracy & damage with ranged weapons and melee
   (-4).
   rN:        It protects you from negative energy.
   rCorr:     It protects you from acid and corrosion.
 r - a ring of protection from fire
 v - the ring "Cagil" (right hand) {Fly SInv}
   (You found it on level 5 of the Dungeon)

   [ring of see invisible]

   SInv:      It lets you see invisible.
   Fly:       It grants you flight.
Wands
 m - a wand of iceblast (13)
 H - a wand of acid (12)
Scrolls
 f - 2 scrolls of fog
 l - a scroll of noise
 p - a scroll of silence {unknown}
 w - 4 scrolls of teleportation
 y - a scroll of blinking {unknown}
 z - 2 scrolls of summoning {unknown}
 A - a scroll of enchant armour {unknown}
 C - 2 scrolls of identify
 G - 2 scrolls of amnesia {unknown}
Potions
 d - a potion of might
 g - a potion of haste {unknown}
 n - 3 potions of brilliance {unknown}
 q - 4 potions of curing
 t - a potion of cancellation {unknown}
 u - 3 potions of attraction {unknown}
 x - 3 potions of flight
 B - a potion of lignification {unknown}
 D - a potion of degeneration {unknown}


   Skills:
 + Level 11.2 Fighting
 + Level 9.6 Axes
 + Level 8.5 Armour
 + Level 8.5 Shields
 + Level 7.7 Invocations
 + Level 6.6 Evocations


You had 10 spell levels left.
You didn't know any spells.
Your spell library contained the following spells:

 Spells                   Type           Power      Damage    Failure   Level
 Blink                    Tloc           N/A        N/A       100%        2
 Ensorcelled Hibernation  Hex/Ice        0%         N/A       100%        2
 Call Canine Familiar     Summ           0%         N/A       100%        3
 Lesser Beckoning         Tloc           0%         N/A       100%        3
 Portal Projectile        Hex/Tloc       0%         N/A       100%        3
 Spider Form              Tmut/Pois      0%         N/A       100%        3
 Stone Arrow              Conj/Erth      0%         3d7       100%        3
 Animate Armour           Summ/Erth      0%         N/A       100%        4
 Leda's Liquefaction      Hex/Erth       0%         N/A       100%        4
 Manifold Assault         Tloc           0%         N/A       100%        5
 Shadow Creatures         Summ           N/A        N/A       100%        6
 Lehudib's Crystal Spear  Conj/Erth      0%         10d2      100%        8


Dungeon Overview and Level Annotations

Branches:
Dungeon (8/15)             Temple (1/1) D:4           Sewer (visited)
Ossuary (visited)
   Lair: D:8-11

Altars:
Ashenzari
Cheibriados
Dithmenos
Elyvilon
Fedhas
Gozag
Hepliaklqana
Kikubaaqudgha
Makhleb
Nemelex Xobeh
Okawaru
Qazlal
Ru
Sif Muna
Trog
Vehumet
Wu Jian
Xom
Yredelemnul
The Shining One

Shops:
D:5 [


Message History

The death yak gores you.
* * * LOW HITPOINT WARNING * * *
You hit the death yak.
The death yak is heavily wounded.
The orc priest threatens, "By the altar or by the axe, you will meet Beogh!"
You hit the death yak but do no damage.
The death yak is heavily wounded.
You block the death yak's attack.
You slash the death yak!
The death yak is severely wounded.
You block the death yak's attack.
You slash the death yak!
The death yak is almost dead.
The death yak gores you!
* * * LOW HITPOINT WARNING * * *
You feel better.
You feel like a meek peon again. The death yak gores you.
* * * LOW HITPOINT WARNING * * *
You slash the death yak!
You kill the death yak!
Okawaru accepts your kill. Okawaru grants you a weapon!
Something appears at your feet!
You see here a +4 vampiric broad axe.
o - a +4 vampiric broad axe The death yak gores you.
* * * LOW HITPOINT WARNING * * *
The orc wizard mumbles some strange words.
The orc wizard flickers and vanishes for a moment.
You feel a sense of dread.
o - a +4 vampiric broad axe (weapon)
You block the death yak's attack.
The orc priest calls down the wrath of Beogh upon you.
Beogh smites you!
* * * LOW HITPOINT WARNING * * *
Okay, then.
You slice the death yak!!
The death yak is moderately wounded.
The death yak gores you!
You die...

#######
########.....############
cY......>...............###
..#..Y..c...............<.#
..#..Y..Y....##############
#####...##o.###########
###...###.noocY@.....##
##......##..########...#
#..........#........#..##
#..........#.######.#...#
...###.....#.# #.#..## ..#
##....#.# #.#.## .#
##...#.# #^#.# . ##..#.#
#.#.# #..#.######.#.#


You could see a death yak, a necrophage, a centaur, an orc priest and 2 orcs.

Vanquished Creatures
  Harold (D:7)
  6 death yaks (D:8)
  A hornet (D:7)
  Eustachio (D:5)
  A wyvern (D:8)
  Edmund (D:4)
  2 water moccasins
  2 sky beasts
  3 necrophages
  4 ogres
  A phantom (D:4)
  A kobold brigand (D:6)
  2 bullfrogs
  2 scorpions
  A water moccasin skeleton (D:6)
  3 wights (D:7)
  4 hounds
  3 iron imps (D:3)
  2 orc priests (D:6)
  2 centaur zombies
  A jelly (D:4)
  A bullfrog skeleton (D:5)
  A scorpion zombie (D:5)
  5 iguanas
  A hound skeleton (D:4)
  8 mummies (Ossuary)
  5 adders
  A river rat (D:5)
  A shadow imp (D:4)
  A white imp (D:5)
  3 ufetubi
  3 worms
  A dart slug (D:3)
  6 orcs
  7 endoplasms
  10 giant cockroaches
  A gnoll zombie (Ossuary)
  3 goblins
  8 hobgoblins
  A quokka (D:2)
  10 ball pythons
  9 bats
  11 frilled lizards
  2 hobgoblin zombies (Ossuary)
  7 kobolds
  A kobold zombie (Ossuary)
  4 orc zombies (Ossuary)
  10 rats
165 creatures vanquished.

Vanquished Creatures (others)
  A fungus (D:2)
  2 plants (D:2)
3 creatures vanquished.

Grand Total: 168 creatures vanquished

Notes
Turn   | Place    | Note
-------+----------+-------------------------------------------
     0 | D:1      | Metae the Hill Orc Fighter began the quest for the Orb.
     0 | D:1      | Reached XP level 1. HP: 19/19 MP: 1/1
   193 | D:1      | Reached XP level 2. HP: 24/27 MP: 2/2
   525 | D:1      | Reached skill level 4 in Fighting
   551 | D:1      | Reached XP level 3. HP: 33/33 MP: 3/3
  1151 | D:2      | Found a faded altar of an unknown god.
  1174 | D:2      | Reached XP level 4. HP: 27/41 MP: 4/4
  1951 | D:3      | Found a burning altar of Makhleb.
  1985 | D:3      | Reached XP level 5. HP: 21/47 MP: 5/5
  1990 | D:3      | Reached skill level 1 in Evocations
  2464 | D:4      | Reached XP level 6. HP: 44/55 MP: 6/6
  2501 | D:4      | Reached skill level 5 in Fighting
  2639 | D:4      | Found an opulent altar of Gozag.
  2639 | D:4      | Found a hazy altar of Hepliaklqana.
  2641 | D:4      | Found a shimmering blue altar of Sif Muna.
  2750 | D:4      | Noticed Edmund
  2759 | D:4      | Killed Edmund
  2760 | D:4      | Reached skill level 5 in Axes
  2760 | D:4      | Reached XP level 7. HP: 21/61 MP: 7/7
  3142 | D:4      | Found a staircase to the Ecumenical Temple.
  3418 | D:4      | Reached skill level 5 in Shields
  3626 | Temple   | Entered the Ecumenical Temple
  3727 | Temple   | Became a worshipper of Warmaster Okawaru
  3777 | D:5      | Entered Level 5 of the Dungeon
  3863 | D:5      | Reached skill level 5 in Armour
  3880 | D:5      | Noticed Eustachio
  3964 | D:5      | HP: 3/62 [Eustachio (6)]
  3966 | D:5      | Killed Eustachio
  3967 | D:5      | Reached skill level 1 in Invocations
  4360 | D:5      | Reached skill level 6 in Fighting
  4360 | D:5      | Reached XP level 8. HP: 61/70 MP: 9/9
  4402 | D:5      | Reached * piety under Okawaru
  4427 | D:5      | Found a glowing drain.
  4449 | Sewer    | Entered a sewer
  5095 | D:5      | Found Osuaho's Antique Armour Shop.
  5120 | D:5      | Identified the ring "Cagil" {Fly SInv}
  5478 | D:5      | Identified 2 scrolls of acquirement
  5479 | D:5      | Acquired a manual of Fighting
  5496 | D:6      | Found a sand-covered staircase.
  5506 | Ossuary  | Entered an ossuary
  5756 | Ossuary  | Reached ** piety under Okawaru
  6404 | D:6      | Found an ornate altar of the Wu Jian Council.
  6409 | D:6      | Reached skill level 7 in Fighting
  6415 | D:6      | Reached XP level 9. HP: 77/79 MP: 9/11
  7077 | D:5      | Bought a pair of glowing gloves for 232 gold pieces
  7164 | D:7      | Reached *** piety under Okawaru
  7165 | D:7      | Reached skill level 8 in Fighting
  7574 | D:7      | Noticed a hornet
  7586 | D:7      | Killed a hornet
  7856 | D:7      | Reached skill level 5 in Invocations
  8075 | D:7      | Reached skill level 5 in Evocations
  8187 | D:7      | Found a glowing golden altar of the Shining One.
  8187 | D:7      | Found a stormy altar of Qazlal.
  8215 | D:7      | Noticed Harold
  8234 | D:7      | Killed Harold
  8235 | D:7      | Reached skill level 9 in Fighting
  8235 | D:7      | Reached XP level 10. HP: 61/91 MP: 12/14
  8506 | D:7      | Acquired the ring of the Slicing Pariah {rN+ rCorr Str+2
                  | Slay-4}
  8650 | D:8      | Noticed a death yak
  8651 | D:8      | Noticed a death yak
  8651 | D:8      | Noticed a death yak
  8651 | D:8      | Noticed a death yak
  8676 | D:8      | Noticed a death yak
  8679 | D:8      | Noticed a death yak
  8679 | D:8      | Noticed a death yak
  8687 | D:8      | Killed a death yak
  8687 | D:8      | Received a gift from Okawaru
  8701 | D:8      | Killed a death yak
  8701 | D:8      | Reached **** piety under Okawaru
  8702 | D:8      | Reached skill level 10 in Fighting
  8715 | D:8      | Killed a death yak
  8726 | D:8      | Killed a death yak
  8726 | D:8      | Reached ***** piety under Okawaru
  8734 | D:8      | Killed a death yak
  8735 | D:8      | Reached skill level 11 in Fighting
  8735 | D:8      | Reached XP level 11. HP: 30/102 MP: 16/16
  8742 | D:8      | Killed a death yak
  8742 | D:8      | Received a gift from Okawaru
  8745 | D:8      | Slain by a death yak

Illustrated notes

Levels and vault maps discovered:
D:1:      dpeg_arrival_oval, layout_basic
D:2:      layout_rooms, shapermc_ecumenical_altar_mp_ritualfount,
          grunt_ministairs_13
D:3:      layout_rooms, demons_altar
D:4:      layout_gridville, gammafunk_temple_overflow_claw, temple_pool_b,
          hangedman_abyss_or_decor_lesser_grid, uniq_edmund
D:5:      layout_basic, portal_sewer_entry_c, serial_shops,
          nicolae_shop_crystal, uniq_eustachio
D:6:      layout_basic, enter_ossuary_3, kennysheep_cross_bottleneck,
          minmay_liquid_box, minmay_ruined_shrine
D:7:      layout_loops_cross, gammafunk_temple_overflow_statue, uniq_harold
D:8:      layout_layer_cave, amcnicky_altar_gilded, dpeg_lair_monsters,
          minmay_holes, minivault_21
Temple:   nicolae_temple_god_jail

Skill      XL: |  1  2  3  4  5  6  7  8  9 10 |
---------------+-------------------------------+-----
Axes           | 3 4 5 6 8 9 |  9.6
Fighting       | 4 5 6 7 9 11 | 11.2
Shields        | 4 5 6 7 8 |  8.5
Armour         | 4 5 6 7 8 |  8.5
Evocations     | 1 2 3 4 5 6 |  6.6
Invocations    | 1 3 5 7 |  7.7

Action                   |  1- 3 |  4- 6 |  7- 9 | 10-12 || total
-------------------------+-------+-------+-------+-------++-------
Melee: War axe           |   111 |    99 |   413 |    66 ||   689
       Broad axe         |       |       |       |     1 ||     1
Invok: Heroism           |       |       |     5 |     2 ||     7
  Use: Potion            |       |       |     3 |     6 ||     9
       Scroll            |       |       |     7 |     1 ||     8
Armor: Scale mail        |    62 |    20 |       |       ||    82
       Chain mail        |       |    36 |   188 |    13 ||   237
Dodge: Dodged            |    45 |    30 |   116 |     9 ||   200
Block: Kite shield       |    86 |    52 |   265 |    23 ||   426
